 Dungeon Crawl Stone Soup version 0.18.1-5-g4a78601 (webtiles) character file.

59 Mefis the Magician (level 3, -4/19 HPs)
             Began as a Deep Elf Wizard on May 15, 2016.
             Engulfed by Robin's steam (7 damage)
             ... on level 2 of the Dungeon.
             The game lasted 00:02:52 (1683 turns).

Mefis the Magician (Deep Elf Wizard)                Turns: 1683, Time: 00:02:52

Health: -4/19      AC:  2    Str:  4    XL:     3   Next: 78%
Magic:  0/11       EV: 16    Int: 23    God:
Gold:   35         SH:  0    Dex: 13    Spells: 5 memorised, 1 level left

rFire  . . .     SeeInvis .     f - +2 dagger (venom)
rCold  . . .     Gourm    .     a - +0 robe
rNeg   . . .     Faith    .     (no shield)
rPois  .         Spirit   .     b - +0 hat
rElec  .         Dismiss  .     (no cloak)
rCorr  .         Reflect  .     (no gloves)
SustAt .         Harm     .     (no boots)
MR     .....                    (no amulet)
Stlth  +.........               (no ring)
                                k - +3 ring of evasion

@: very slightly contaminated, not resistant to hostile enchantments, very
unstealthy
A: no striking features
a: no special abilities


You were on level 2 of the Dungeon.
You were not hungry.

You visited 1 branch of the dungeon, and saw 2 of its levels.

You collected 35 gold pieces.

Inventory:

Hand Weapons
 f - a +2 dagger of venom (weapon)
Missiles
 l - 48 arrows
Armour
 a - a +0 robe (worn)
 b - a +0 hat (worn)
Jewellery
 k - a +3 ring of evasion (left hand)
Scrolls
 j - a scroll of magic mapping {unknown}
Potions
 e - 2 potions of curing {unknown}
 h - a potion of degeneration {unknown}
 i - a potion of brilliance {unknown}
Books
 c - a book of Minor Magic

   Spells                             Type                      Level
   a - Magic Dart                     Conjuration                  1
   b - Blink                          Translocation                2
   c - Call Imp                       Summoning                    2
   d - Repel Missiles                 Charms/Air                   2
   e - Slow                           Hexes                        2
   f - Conjure Flame                  Conjuration/Fire             3
   g - Mephitic Cloud                 Conjuration/Poison/Air       3
Comestibles
 d - a bread ration
 g - a slice of pizza


   Skills:
 + Level 3.1 Dodging
 + Level 2.9 Stealth
 + Level 4.8 Spellcasting
 * Level 2.6 Conjurations
 + Level 1.3 Summonings
 - Level 1.1 Translocations
 + Level 0.4 Poison Magic


You had one spell level left.
You knew the following spells:

 Your Spells              Type           Power        Failure   Level  Hunger
a - Magic Dart            Conj           ###.         3%          1    None
b - Call Imp              Summ           ##......     10%         2    None
c - Blink                 Tloc           N/A          12%         2    None
d - Repel Missiles        Chrm/Air       #.....       17%         2    None
e - Mephitic Cloud        Conj/Pois/Air  ##......     21%         3    ##.....


Dungeon Overview and Level Annotations

Branches:
Dungeon (2/15)

Altars:
Yredelemnul

Annotations:
D:2 1 runed door, Robin


Message History

You are very lightly contaminated with residual magic.
You feel a strange surge of energy!
Robin zaps a wand.
The puff of flame hits you!
Ouch! That really hurt!
It is a wand of flame.
The goblin misses you.
Unknown command.
Casting: Mephitic Cloud
Confirm with . or Enter, or press ? or * to list all spells.
Aiming: Mephitic Cloud
Press: ? - help, Shift-Dir - straight line, f/p - Robin
Aim: Robin, wielding a short sword, wearing an animal skin, wearing a helmet and carrying a wand of flame {zapped: 1} (moderately wounded)
The ball explodes into a vile cloud!
The stinking cloud engulfs Robin.
Robin is moderately wounded.
You are engulfed in a cloud of scalding steam.
* * * LOW HITPOINT WARNING * * *
Robin is engulfed in noxious fumes.
Robin appears confused.
The goblin barely misses you.
Your unstable footing causes you to fumble your attack.
You are engulfed in a cloud of scalding steam.
You die...

#†≈≈≈≈≈#
#≈≈≈≈≈≈#
#≈≈≈≈≈≈# .#
≈≈†≈≈≈# #.#
≈§§g≈# #..##
#§≈≈# .≈#.##
#≈≈≈# ≈≈≈≈≈##
#≈≈@# ≈≈#.≈≈#
#≈g## .###.≈##
##≈# ..#....#
#####.##
.......###....##
.......'.'....#
.......#.'....#
.......###....#
..#...≈# #####.#


You could see Robin (confused) and a goblin.

Vanquished Creatures
  2 adders (D:2)
  A dart slug (D:2)
  2 giant geckos
  A ball python (D:1)
  3 bats
  A giant cockroach (D:2)
  A goblin (D:1)
  5 hobgoblins
  3 jackals (D:2)
  8 kobolds (D:1)
  A quokka (D:2)
  A giant newt (D:1)
  5 rats
34 creatures vanquished.

Notes
Turn   | Place    | Note
--------------------------------------------------------------
     0 | D:1      | Mefis the Deep Elf Wizard began the quest for the Orb.
     0 | D:1      | Reached XP level 1. HP: 10/10 MP: 7/7
   218 | D:1      | Reached XP level 2. HP: 15/15 MP: 3/9
  1159 | D:2      | Found a runed door.
  1159 | D:2      | Noticed a human
  1201 | D:2      | Found a basalt altar of Yredelemnul.
  1234 | D:2      | Reached XP level 3. HP: 19/19 MP: 7/11
  1238 | D:2      | Learned a level 2 spell: Call Imp
  1241 | D:2      | Learned a level 2 spell: Blink
  1244 | D:2      | Learned a level 2 spell: Repel Missiles
  1248 | D:2      | Learned a level 3 spell: Mephitic Cloud
  1300 | D:2      | Found a basalt altar of Yredelemnul.
  1677 | D:2      | Noticed Robin
  1683 | D:2      | Engulfed by Robin's steam

Skill      XL: |  1  2  3 |
---------------+----------+-----
Conjurations   | 2 |  2.6
Dodging        | 3 |  3.1
Stealth        | |  2.9
Spellcasting   | |  4.8
Summonings     | |  1.3
Translocations | |  1.1
Poison Magic   | |  0.4

Action                   || total
-------------------------++-------
Melee: Dagger            ||     7
 Cast: Magic Dart        ||    87
       Mephitic Cloud    ||     1
  Eat: Chunk             ||     2
Armor: Robe              ||     3
Dodge: Dodged            ||    19
